AoeStats
← Fs.Black_

African Clearing

504364750Analyzed
4v4 RM · 27d ago on Sep 5, 2026· 42m 10s· 8 players
Game mode
Random Map
Map size
Large (8 player)
Population
200
Speed
Normal
Resources
Standard
Victory
Conquest
Starting age
Dark Age
Ending age
Imperial Age
RankedLock teamsTeams togetherTeam positionsShared explorationLock speedFull tech treeHidden civsTurbo modeCheats
Victory
Defeat
🇲🇽 Khmer · Mexico
1721
+13
🇺🇸 Vietnamese · United States
1683
+14
🇲🇽 Vikings · Mexico
1677
+15
🇦🇷 Georgians · Argentina
1524
+21
🇧🇷 Mapuche · Brazil
1760
-20
🇧🇷 Chinese · Brazil
1679
-17
🇧🇷 Gurjaras · Brazil
1633
-15
🇧🇷 Berbers · Brazil
1517
-11
Fs.Nx Imperial
4:36 Loom
12:55 Feudal Age
13:48 Double-Bit Axe
16:35 Horse Collar
22:00 Castle Age
20:42 Scale Barding Armor
22:59 Bloodlines
25:49 Chain Barding Armor
27:28 Forging
30:17 Husbandry
31:23 Wheelbarrow
31:41 Bow Saw
40:05 Imperial Age
38:36 Iron Casting
39:03 Kshatriyas
39:08 Heavy Plow
39:24 Hand Cart
41:30 Plate Barding Armor
NJ
13:17 Feudal Age
17:24 Castle Age
15:35 Double-Bit Axe
16:01 Gold Mining
16:10 Loom
17:03 Scale Barding Armor
17:40 Bloodlines
21:31 Wheelbarrow
21:26 Forging
23:15 Chain Barding Armor
24:18 Husbandry
30:08 Hand Cart
31:02 Iron Casting
36:36 Imperial Age
34:33 Bow Saw
36:23 Gold Shaft Mining
37:39 Horse Collar
38:49 Plate Barding Armor
37:37 Cavalier
39:29 Blast Furnace
41:38 Conscription
41:25 Heavy Plow
41:10 Heavy Camel Rider
Fs.Black_
3:05 Loom
12:03 Feudal Age
16:59 Castle Age
15:15 Double-Bit Axe
18:04 Bow Saw
20:31 Fletching
27:28 Padded Archer Armor
28:12 Bodkin Arrow
32:05 Town Watch
34:55 Horse Collar
35:52 Wheelbarrow
39:18 Imperial Age
38:22 Leather Archer Armor
38:32 Ballistics
38:09 Gold Mining
38:24 Elite Skirmisher
42:50 Imperial Age
Fs.Nicolau Mendes
3:10 Loom
12:55 Feudal Age
16:52 Castle Age
16:53 Double-Bit Axe
18:12 Bow Saw
26:54 Wheelbarrow
26:24 Town Watch
37:02 Imperial Age
35:25 Fletching
35:35 Padded Archer Armor
37:50 Bodkin Arrow
38:11 Leather Archer Armor
38:37 Scale Mail Armor
38:47 Forging
VL SlenderMan
10:50 Loom
11:40 Loom
13:53 Feudal Age
17:27 Castle Age
17:35 Double-Bit Axe
18:11 Horse Collar
21:44 Fletching
24:28 Bodkin Arrow
30:44 Wheelbarrow
30:32 Gold Mining
30:54 Bow Saw
39:11 Imperial Age
38:02 Padded Archer Armor
38:33 Heavy Plow
39:15 Ballistics
40:02 Bracer
41:07 Chemistry
40:46 Leather Archer Armor
VL Daniela
12:31 Loom
14:43 Feudal Age
17:48 Castle Age
15:48 Double-Bit Axe
17:11 Horse Collar
19:04 Bow Saw
32:56 Imperial Age
30:26 Pikeman
32:04 Scale Mail Armor
32:29 Forging
33:27 Chain Mail Armor
34:47 Iron Casting
34:26 Halberdier
35:38 Arson
36:55 Blast Furnace
38:58 Scale Barding Armor
38:44 Fletching
39:54 Wheelbarrow
39:04 Town Watch
40:10 Bodkin Arrow
41:27 Bracer
41:50 Padded Archer Armor
42:20 Hand Cart
42:12 Guard Tower
42:46 Ballistics
42:10 Capped Ram
VL Carlos Manzo
9:48 Loom
13:14 Feudal Age
13:58 Loom
14:10 Double-Bit Axe
14:17 Horse Collar
17:27 Fletching
21:10 Castle Age
21:15 Crossbowman
22:13 Bodkin Arrow
26:23 Bow Saw
29:30 Ballistics
36:36 Imperial Age
34:48 Town Watch
37:22 Bracer
36:42 Arbalester
37:38 Padded Archer Armor
38:39 Chemistry
37:45 Bogsveigar
41:45 Sappers
VL Loba Peruana
10:29 Loom
12:38 Feudal Age
16:37 Castle Age
14:59 Horse Collar
18:12 Double-Bit Axe
20:22 Bow Saw
25:17 Scale Barding Armor
26:18 Husbandry
26:57 Fletching
27:55 Bloodlines
28:15 Town Watch
29:05 Heavy Plow
30:26 Chain Barding Armor
32:09 Wheelbarrow
40:40 Imperial Age
38:30 Bodkin Arrow
40:01 Forging
41:46 Iron Casting
42:13 Ballistics
42:52 Plate Barding Armor
Connection lost

Rejoining the realm…

Still unreachable

The connection could not be restored.

Session expired

The server has moved on; the page needs a fresh start.